 Dungeon Crawl Stone Soup version 0.30.0-15-g856e2d3f33 (webtiles) character file.

Game seed: 4509288859461487410

623 Klatu the Trooper (level 7, -5/54 HPs)
             Began as a Formicid Chaos Knight on May 19, 2023.
             Was an Initiate of Ashenzari.
             Slain by Duvessa
             ... wielding a +0 rapier
              (11 damage)
             ... on level 4 of the Dungeon.
             The game lasted 00:28:01 (3323 turns).

Klatu the Trooper (Formicid Chaos Knight)           Turns: 3323, Time: 00:28:01

Health: -5/54      AC:  5    Str: 15 (18) XL:     7   Next: 75%
Magic:  7/7        EV: 11    Int: 19 (20) God:    Ashenzari [......]
Gold:   136        SH:  0    Dex:  8 (11) Spells: 6/6 levels left

rFire   + . .        q - +6 rapier "Naituw" {speed, rF+ Int+2 Dex-2}
rCold   . . .        (no shield)
rNeg    . . .        b - +2 leather armour
rPois   .            (helmet unavailable)
rElec   +            (no cloak)
rCorr   .            (no gloves)
SInv    +            (no boots)
Will    .....        (no amulet)
Stlth   +            k - +6 ring of intelligence
HPRegen 0.29/turn    (no ring)
MPRegen 0.10/turn

%: no passive effects
@: unable to read
A: permanent stasis, dig shafts and tunnels, antennae 3, four strong arms, frail
1, electricity resistance, inability to read after injury 1, noise suppression
a: Dig, Shaft Self, Renounce Religion


You were on level 4 of the Dungeon.
You worshipped Ashenzari.
Ashenzari was noncommittal.
You visited 2 branches of the dungeon, and saw 5 of its levels.

You collected 136 gold pieces.

Inventory:

Hand Weapons
 a - a +0 hand axe of chaos
 j - a +0 sling
 q - the +6 rapier "Naituw" (weapon) {speed, rF+ Int+2 Dex-2}
   (You found it on level 2 of the Dungeon)

   Int:       It affects your intelligence (+2).
   Dex:       It affects your dexterity (-2).
   rF:        It protects you from fire.
Armour
 b - a +2 leather armour (worn)
 r - a +0 chain mail
Jewellery
 k - a +6 ring of intelligence (left hand)
Scrolls
 f - a scroll of vulnerability
 g - a scroll of enchant armour {unknown}
 l - a scroll of noise
 m - 3 scrolls of immolation
 t - a scroll of silence {unknown}
 u - 2 scrolls of amnesia {unknown}
 v - a scroll of butterflies {unknown}
 w - a scroll of identify
 x - a scroll of enchant weapon {unknown}
 y - a scroll of blinking {unknown}
Potions
 e - 3 potions of mutation
 n - 5 potions of curing
 p - a potion of brilliance {unknown}
 s - a potion of lignification {unknown}
Miscellaneous
 c - a piece from Xom's chessboard (9/15) (quivered)
 i - a phantom mirror


   Skills:
 * Level 7.1 Fighting
 + Level 6.1 Axes
 - Level 2.1 Armour
 - Level 0.8 Dodging


You had 6 spell levels left.
You didn't know any spells.
Your spell library contained the following spells:

 Spells                   Type           Power      Damage    Failure   Level
 Ensorcelled Hibernation  Hex/Ice        0%         N/A       36%         2
 Passwall                 Tmut/Erth      0%         N/A       36%         2
 Ignite Poison            Fire/Tmut/Pois 0%         N/A       58%         3
 Sticky Flame             Conj/Fire      0%         2d3       94%         4
 Ignition                 Fire           0%         3d3       100%        8
 Swiftness                Air            Unusable   N/A       N/A         3

Dungeon Overview and Level Annotations

Branches:
Dungeon (4/15)             Temple (1/1) D:4

Altars:
Ashenzari
Cheibriados
Dithmenos
Elyvilon
Fedhas
Hepliaklqana
Kikubaaqudgha
Nemelex Xobeh
Okawaru
Qazlal
Sif Muna
Trog
Uskayaw
Vehumet
Wu Jian
Xom
Yredelemnul

Annotations:
D:4 exclusion: 3 sensed monsters (detected), Duvessa


Innate Abilities, Weirdness & Mutations

You cannot be hasted, slowed, berserked, paralysed or teleported.
You can dig through walls and to a lower floor.
You have a pair of large antennae on your head. (SInv)
Your four strong arms can wield two-handed weapons with a shield.
You are frail. (-10% HP)
You are resistant to electric shocks. (rElec)
You occasionally lose the ability to read scrolls when taking damage.
You passively dampen the noise of your surroundings.


Message History

You kill Dowan!
You hear a distant scream of rage.
Your piece from Xom's chessboard (11/15) has regained one charge.
Your Fighting skill increases to level 7!
Press: ? - help, v - describe, . - travel, g - get item
Here: Duvessa, wielding a +0 rapier, wearing a +0 ring mail and wearing a ring of flight (unusually resistant, slow)
Items here: ) ? [ †.
An open door.
You make a move on Xom's chessboard...
Duvessa seems to speed up.
Duvessa shakes off her lethargy.
Duvessa goes berserk!
You make a move on Xom's chessboard...
Duvessa easily resists.
Duvessa hits you with a +0 rapier! x2
As you read the scroll labelled XUHIS SOELACH, it crumbles to dust.
Magic quickly surges around you.
It was a scroll of vulnerability.
Duvessa barely misses you.
As you read the scroll labelled AGUNKA SERAFES, it crumbles to dust.
You feel aware of your surroundings.
It was a scroll of magic mapping.
Duvessa barely misses you. x2
As you read the scroll labelled YHADIXTEHERCH, it crumbles to dust.
The creatures around you are filled with an inner flame!
It was a scroll of immolation.
Duvessa hits you with a +0 rapier!
As you read the scroll labelled TOASOJI RAQI, it crumbles to dust.
You hear a loud clanging noise!
It was a scroll of noise.
Duvessa hits you but does no damage. Duvessa hits you with a +0 rapier!!
You feel threatened and lose the ability to read scrolls!
* * * LOW HITPOINT WARNING * * *
Okay, then.
You cannot read scrolls in your current state!
You cannot read scrolls in your current state!
It was a potion of degeneration.
There was something very wrong with that liquid.
You feel weakened.
You feel dopey.
You feel clumsy. Duvessa misses you.
It was a potion of cancellation.
Your magical effects are unravelling.
You feel magically purged.
You feel your willpower return. Duvessa hits you with a +0 rapier!
You die...

*** *********,* *,,,,,,,,,*
*,*******,*
*,**,****,############
*,**,,,,,,#..........#
*,**,*****#.########.#
***'**,,,,,,#e@........#
*,,,,,......)>.######..##
*,,,,,......#...####....# #####
*,,,,,....#.#......'....# #....
*,,,,,.##*#,#..#..##....# #....
*,,,,,,* *,#..#........# #....
*,,,,,,* *,#..#.......## #....
*,,,,,,****,#..###.....####....
*,,,,,,,,,,,,,,* #...#.........


You could see Duvessa (berserk, fast, inner flame, resistant, weak-willed).

Vanquished Creatures
  Sigmund (D:2)
  2 black bears (D:4)
  A scorpion (D:4)
  Dowan (D:4)
  A howler monkey (D:4)
  An iron imp (D:3)
  2 adders
  2 dart slugs
  5 orcs (D:4)
  12 ball pythons
  6 endoplasms
  A giant cockroach (D:1)
  4 goblins
  7 hobgoblins
  3 jackals (D:3)
  5 quokkas
  7 bats
  3 frilled lizards
  8 kobolds
  6 rats
78 creatures vanquished.

Notes
Turn   | Place    | Note
-------+----------+-------------------------------------------
     0 | D:1      | Klatu the Formicid Chaos Knight began the quest for the
                  | Orb.
     0 | D:1      | Reached XP level 1. HP: 18/18 MP: 1/1
    92 | D:1      | XOM: divination: magic mapping
   199 | D:1      | XOM: give mutation
   199 | D:1      | Gained mutation: You are frail. (-10% HP) [Xom's mischief]
   247 | D:1      | Reached XP level 2. HP: 21/21 MP: 2/2
   440 | D:1      | XOM: god gift: phantom mirror
   483 | D:1      | XOM: give mutations
   483 | D:1      | Gained mutation: You occasionally lose the ability to read
                  | scrolls when taking damage. [Xom's mischief]
   483 | D:1      | Gained mutation: You are resistant to electric shocks.
                  | (rElec) [Xom's mischief]
   483 | D:1      | Gained mutation: Your spells are a little easier to cast,
                  | but a little less powerful. [Xom's mischief]
   483 | D:1      | Lost mutation: Your spells are a little easier to cast, but
                  | a little less powerful. [Xom's mischief]
   666 | D:1      | Reached XP level 3. HP: 23/26 MP: 3/3
   907 | D:2      | Noticed Sigmund
   934 | D:1      | XOM: silly message
  1069 | D:2      | Identified the +6 rapier "Naituw" {speed, rF+ Int+2 Dex-2}
  1593 | D:3      | Reached XP level 4. HP: 29/31 MP: 4/4
  1842 | D:3      | XOM: god gift: scroll of teleportation
  1849 | D:3      | Reached skill level 4 in Fighting
  1881 | D:3      | Found a snail-covered altar of Cheibriados.
  1909 | D:3      | Reached XP level 5. HP: 34/37 MP: 5/5
  1984 | D:2      | XOM: cast spell 'Death Channel'
  1988 | D:2      | Killed Sigmund
  1989 | D:2      | Reached skill level 5 in Fighting
  1989 | D:2      | Reached skill level 5 in Axes
  1989 | D:2      | Reached XP level 6. HP: 45/45 MP: 6/6
  2477 | D:4      | Found an ancient bone altar of Kikubaaqudgha.
  2477 | D:4      | Noticed a black bear
  2478 | D:4      | XOM: scenery: 1 doors close
  2479 | D:4      | XOM: cast spell 'Summon Horrible Things'
  2513 | D:4      | Killed a black bear
  2514 | D:4      | Reached skill level 6 in Fighting
  2514 | D:4      | Reached XP level 7. HP: 52/52 MP: 7/7
  2713 | D:4      | Found a staircase to the Ecumenical Temple.
  2725 | Temple   | Entered the Ecumenical Temple
  2794 | Temple   | Fell from the grace of Xom
  2794 | Temple   | Became a worshipper of Ashenzari the Shackled
  3075 | D:4      | XOM: give mutation
  3075 | D:4      | Gained mutation: You passively dampen the noise of your
                  | surroundings. [Xom's grace]
  3305 | D:4      | Noticed Dowan
  3305 | D:4      | Noticed Duvessa
  3314 | D:4      | Killed Dowan
  3315 | D:4      | Reached skill level 7 in Fighting
  3323 | D:4      | Slain by Duvessa

Illustrated notes

Levels and vault maps discovered:
D:1:      dreamdust_arrival_sigmund_warning, layout_rooms, minmay_vboxes
D:2:      layout_basic, uniq_sigmund
D:3:      layout_loops_ring, slow_altar_1
D:4:      layout_basic, mainiacjoe_overflow_boulevard, temple_statues,
          minmay_puff, uniq_duvessa
Temple:   regret_index_temple_generic_petals

Skill      XL: |  1  2  3  4  5  6  7 |
---------------+----------------------+-----
Axes           | 4 5 6 |  6.1
Fighting       | 4 5 6 7 |  7.1
Armour         | |  2.1
Dodging        | |  0.8

Action                     |  1- 3 |  4- 6 |  7- 9 || total
---------------------------+-------+-------+-------++-------
  Melee: Hand axe          |    59 |       |       ||    59
         Rapier            |    33 |    59 |    40 ||   132
  Evoke: Piece from Xom's  |       |     5 |     9 ||    14
    Use: Scroll            |     3 |     1 |     4 ||     8
         Potion            |       |       |     2 ||     2
   Stab: Confused          |       |     1 |       ||     1
         Paralysed         |       |     3 |     5 ||     8
         Petrified         |       |       |     8 ||     8
 Armour: Leather armour    |    26 |     8 |     2 ||    36
  Dodge: Dodged            |    44 |    14 |    14 ||    72
